 Dungeon Crawl Stone Soup version 0.18.1-47-g9310371 (webtiles) character file.

93 KrisztiCat the Digger (level 4, 0/24 HPs)
             Began as a Gargoyle Earth Elementalist on June 20, 2016.
             Slain by Terence
             ... wielding a +4 mace
              (1 damage)
             ... on level 1 of the Dungeon.
             The game lasted 00:11:54 (1708 turns).

KrisztiCat the Digger (Gargoyle Earth Elementalist) Turns: 1708, Time: 00:11:55

Health: 0/24       AC:  6    Str: 11    XL:     4   Next: 62%
Magic:  4/8        EV: 15    Int: 17    God:
Gold:   167        SH:  0    Dex: 10    Spells: 1 memorised, 8 levels left

rFire  + . .     SeeInvis .     h - +0 whip
rCold  . . .     Gourm    .     a - +0 robe
rNeg   + . .     Faith    .     (no shield)
rPois  ∞         Spirit   .     (no helmet)
rElec  +         Dismiss  .     x - +0 cloak
rCorr  .         Reflect  .     (no gloves)
SustAt .         Harm     .     (no boots)
MR     .....                    (no amulet)
Stlth  ++........               w - ring of protection from fire
                                p - +3 ring of evasion

@: not resistant to hostile enchantments, unstealthy
A: negative energy resistance 1, electricity resistance, unbreathing,
petrification resistance, rot immunity, AC +3
a: no special abilities


You were on level 1 of the Dungeon.
You were not hungry.

You visited 1 branch of the dungeon, and saw 3 of its levels.

You collected 167 gold pieces.

Inventory:

Hand Weapons
 h - a +0 whip (weapon)
Missiles
 b - 98 stones (quivered)
Armour
 a - a +0 robe (worn)
 x - a +0 cloak (worn)
Jewellery
 p - a +3 ring of evasion (left hand)
 w - a ring of protection from fire (right hand)
Scrolls
 f - a scroll of amnesia
 j - 2 scrolls of remove curse
 l - 2 scrolls of identify
 m - 2 scrolls of magic mapping
 r - a scroll of blinking {unknown}
 s - a scroll of random uselessness {unknown}
 u - a scroll of fog {unknown}
Potions
 e - a potion of invisibility {unknown}
 i - a potion of agility {unknown}
 k - a potion of curing
 n - 2 potions of degeneration
 o - a potion of lignification {unknown}
 q - a potion of ambrosia {unknown}
 t - a potion of haste {unknown}
Books
 c - a book of Geomancy

   Spells                             Type                      Level
   a - Sandblast                      Earth                        1
   b - Passwall                       Transmutation/Earth          2
   c - Stone Arrow                    Conjuration/Earth            3
   d - Petrify                        Transmutation/Earth          4
   e - Lee's Rapid Deconstruction     Earth                        5
Comestibles
 d - 2 bread rations
 g - a chunk of flesh
 v - a meat ration


   Skills:
 + Level 0.2 Fighting
 + Level 0.4 Maces & Flails
 + Level 2.0 Dodging
 + Level 2.5 Stealth
 + Level 3.0 Spellcasting
   Level 0.7 Transmutations
 + Level 4.7 Earth Magic


You had 8 spell levels left.
You knew the following spells:

 Your Spells              Type           Power        Failure   Level  Hunger
a - Sandblast             Erth           ###...       2%          1    None


Dungeon Overview and Level Annotations

Branches:
Dungeon (3/15)

Altars:
Elyvilon
Qazlal
Sif Muna

Annotations:
D:1 Terence


Innate Abilities, Weirdness & Mutations

You are resistant to torment.
Your stone body is resilient (AC +3).
You are immune to poison.
You resist negative energy.
You are resistant to electric shocks.
You can survive without breathing.
You are immune to petrification.
You are immune to rotting.


Message History

You climb upwards.
There is a stone staircase leading down here.
Drink which item? (? for menu, Esc to quit)
Okay, then.
Read which item? (? for menu, Esc to quit)
As you read the scroll labeled NOLORCHO YZESOF, it crumbles to dust.
You feel blessed for a moment.
It was a scroll of remove curse.
Terence hits you with an enchanted mace!
* * * LOW HITPOINT WARNING * * *
Read which item? (? for menu, Esc to quit)
As you read the scroll labeled CEVUNI LEPHE, it crumbles to dust.
You feel momentarily disoriented.
It was a scroll of magic mapping.
Read which item? (? for menu, Esc to quit)
As you read the scroll labeled FALONI FERHOH, it crumbles to dust.
It is a scroll of amnesia.
Forget which spell ([?*] list [ESC] exit)?
Forget which spell ([?*] list [ESC] exit)?
Okay, then.
Terence hits you with an enchanted mace.
You die...

.######
##...............####..
....### #................#
### ###...##
#..>.............######
###..#
#.....................#
##.####............(........#
#.....................#.....
#####.................#....#
##.....@...)......##.###
##....@..#.......##.#
###.###.##.##......#
#..##..#.##...#### ##
##.###...(......# .# #.#
#>.........# .#
#.###..........# .#
#......######### .# ####..##
## ####


You could see Terence.

Vanquished Creatures
  Crazy Yiuf (D:2)
  2 adders (D:2)
  2 worms (D:2)
  2 dart slugs
  4 bats
  3 giant cockroaches (D:2)
  4 goblins
  2 hobgoblins (D:1)
  2 jackals (D:2)
  A ball python (D:1)
  3 giant newts (D:2)
  10 kobolds
  4 rats
40 creatures vanquished.

Vanquished Creatures (others)
  A goblin (D:2)
1 creature vanquished.

Grand Total: 41 creatures vanquished

Notes
Turn   | Place    | Note
--------------------------------------------------------------
     0 | D:1      | KrisztiCat the Gargoyle Earth Elementalist began the quest for the Orb.
     0 | D:1      | Reached XP level 1. HP: 10/10 MP: 3/3
   228 | D:1      | Reached XP level 2. HP: 13/15 MP: 3/5
   401 | D:1      | Reached skill level 4 in Earth Magic
   604 | D:2      | Reached XP level 3. HP: 11/19 MP: 1/6
   738 | D:3      | Noticed Terence
   768 | D:2      | Found a stormy altar of Qazlal.
   839 | D:2      | Found a white marble altar of Elyvilon.
   939 | D:2      | Found a deep blue altar of Sif Muna.
  1250 | D:2      | Found a white marble altar of Elyvilon.
  1263 | D:2      | Reached XP level 4. HP: 24/24 MP: 3/8
  1352 | D:2      | Noticed Crazy Yiuf
  1361 | D:2      | Killed Crazy Yiuf
  1706 | D:1      | HP: 1/24 [Terence/enchanted mace (8)]
  1708 | D:1      | Slain by Terence

Skill      XL: |  1  2  3  4 |
---------------+-------------+-----
Earth Magic    | 4 |  4.7
Dodging        | 2 |  2.0
Spellcasting   | 3 |  3.0
Fighting       | |  0.2
Maces & Flails | |  0.4
Stealth        | |  2.5
Transmutations | |  0.7

Action                   |  1- 3 |  4- 6 || total
-------------------------+-------+-------++-------
Melee: Whip              |    42 |    10 ||    52
       Unarmed           |     1 |       ||     1
 Cast: Sandblast         |    54 |    26 ||    80
  Use: Scroll            |       |     4 ||     4
       Potion            |       |     1 ||     1
 Stab: Sleeping          |     1 |       ||     1
  Eat: Chunk             |     2 |     1 ||     3
Armor: Robe              |    28 |    13 ||    41
Dodge: Dodged            |    67 |    26 ||    93
